 Dungeon Crawl Stone Soup version 0.17.1-3-g152610e (webtiles) character file.

940 Jerry the Caller (level 7, -6/46 HPs)
             Began as a Mummy Wizard on Apr 2, 2016.
             Mangled by a gnoll
             ... wielding a +0 halberd
              (12 damage)
             ... on level 5 of the Dungeon.
             The game lasted 00:51:39 (7433 turns).

Jerry the Caller (Mummy Wizard)                     Turns: 7433, Time: 00:51:39

Health: -6/46      AC:  8    Str: 10    XL:     7   Next: 88%
Magic:  6/12       EV: 12    Int: 20    God:
Gold:   147        SH:  0    Dex: 10    Spells: 2 memorised, 8 levels left

rFire  . . .     SeeInvis .     l - +1 spear (freeze)
rCold  . . .     Clarity  .     o - +1 robe of Zumuosof {rF+ rC- rN++}
rNeg   + + +     SustAt   +     (no shield)
rPois  ∞         Gourm    .     j - +1 helmet
rElec  .         Spirit   .     g - +0 cloak
rCorr  .         Warding  .     n - +0 pair of gloves
rMut   +         Stasis   .     d - +0 pair of boots
MR     .....                    f - amulet of resist mutation
Stlth  ++........               (no ring)
                                i - ring of sustain attributes

@: not resistant to hostile enchantments, unstealthy
A: no food or potions, fire vulnerability, cold resistance 1, negative energy
resistance 3, torment resistance, unbreathing
a: no special abilities


You were on level 5 of the Dungeon.
You were not hungry.

You visited 1 branch of the dungeon, and saw 6 of its levels.

You collected 199 gold pieces.
You spent 52 gold pieces at shops.

Inventory:

Hand Weapons
 l - a +1 spear of freezing (weapon)
Armour
 a - a +0 robe
 d - a +0 pair of boots (worn)
 g - a +0 cloak (worn)
 j - a +1 helmet (worn)
 n - a +0 pair of gloves (worn)
 o - the +1 robe of Zumuosof (worn) {rF+ rC- rN++}
   (You found it on level 5 of the Dungeon)

   It protects you from fire.
   It makes you vulnerable to cold.
   It greatly protects you from negative energy.
Jewellery
 f - an amulet of resist mutation (around neck)
 i - a ring of sustain attributes (left hand)
 k - an uncursed amulet of resist corrosion
Wands
 m - a wand of hasting (7)
Scrolls
 b - a scroll of enchant weapon
 e - a scroll of fear
 h - 3 scrolls of identify
Books
 c - a book of Minor Magic

   Spells                             Type                      Level
   a - Magic Dart                     Conjuration                  1
   b - Blink                          Translocation                2
   c - Call Imp                       Summoning                    2
   d - Repel Missiles                 Charms/Air                   2
   e - Slow                           Hexes                        2
   f - Conjure Flame                  Conjuration/Fire             3
   g - Mephitic Cloud                 Conjuration/Poison/Air       3


   Skills:
 - Level 1.5 Dodging
 - Level 1.5 Stealth
 - Level 3.4 Spellcasting
   Level 0.7 Conjurations
 + Level 7.4 Summonings
 - Level 0.7 Translocations


You had 8 spell levels left.
You knew the following spells:

 Your Spells              Type           Power        Failure   Level  Hunger
b - Call Imp              Summ           ####....     1%          2    N/A
c - Blink                 Tloc           N/A          17%         2    N/A

Dungeon Overview and Level Annotations

Branches:
Dungeon (6/15)
 Temple: D:4-7

Altars:
Makhleb
Nemelex Xobeh
The Shining One

Shops:
D:5 !*?*

Annotations:
D:4 Breadlance's ghost, amateur GrFi


Innate Abilities, Weirdness & Mutations

You do not eat or drink.
Your flesh is vulnerable to fire.
You are immune to poison.
Your flesh is cold resistant.
You are immune to negative energy.
You are immune to unholy pain and torment.
You can survive without breathing.


Message History

Your shadow imp barely misses the ogre.
Casting: Call Imp
Confirm with . or Enter, or press ? or * to list all spells.
A beastly little devil appears in a puff of frigid air.
The ogre closely misses your shadow imp.
Your shadow imp hits the ogre.
Your shadow imp gestures at the ogre.
The ogre convulses in agony!
You swap places.
Casting: Call Imp
Confirm with . or Enter, or press ? or * to list all spells.
A beastly little devil appears in a puff of frigid air.
Your shadow imp hits the ogre.
Your white imp completely misses the ogre.
The ogre barely misses your white imp.
Your white imp hits the ogre.
Your white imp freezes the ogre.
The ogre dies!
The gnoll closely misses you.
The gnoll hits you from afar with a halberd!
You die...

#.# #### #[# ...# #.#
.#.# #.# .#.# #.#
.#5###.##########
.#..........g.).#
.#####.####>###.####
....).......# #.@55#
########.##.###5##g#
#.##.....##.#
#.###...###O#
########.####..###g##
...............g....#
.#######.####..###..#
...............# #..#
.######..#####.###..#


You could see a gnoll, 2 friendly white imps and a friendly shadow imp.

Vanquished Creatures
  The ghost of Breadlance the Covered, an amateur HOFi (D:5)
  Menkaure (D:5)
  An ogre (D:5)
  A scorpion (D:4)
  A hound (D:5)
  A worker ant (D:4)
  Natasha (D:3)
  An adder (D:1)
  A ball python (D:1)
  3 hobgoblins (D:1)
  A jackal (D:3)
  2 kobolds
  A quokka (D:3)
  6 bats
  2 giant cockroaches
  3 giant newts
  5 goblins
  19 rats
51 creatures vanquished.

Vanquished Creatures (collateral kills)
  Sigmund (D:3)
  A sky beast (D:6)
  3 ogres (D:5)
  A phantom (D:4)
  A water moccasin skeleton (D:4)
  2 giant frogs
  A hound (D:5)
  A centaur zombie (D:5)
  A jelly (D:3)
  An iguana (D:4)
  A worker ant (D:5)
  Jessica (D:3)
  Natasha (twice) (D:3)
  2 hound skeletons
  A gnoll (D:6)
  3 adders
  A shadow imp (D:6)
  2 adder skeletons (D:5)
  2 worms (D:3)
  A giant gecko (D:5)
  2 orcs
  11 jackals
  4 kobolds
  A quokka (D:3)
  A bat (D:2)
  2 giant cockroaches
  3 giant newts
  A rat (D:2)
54 creatures vanquished.

Grand Total: 105 creatures vanquished

Notes
Turn   | Place    | Note
--------------------------------------------------------------
     0 | D:1      | Jerry the Mummy Wizard began the quest for the Orb.
     0 | D:1      | Reached XP level 1. HP: 13/13 MP: 4/4
   212 | D:1      | Reached XP level 2. HP: 19/19 MP: 1/6
   216 | D:1      | Learned a level 2 spell: Call Imp
   327 | D:1      | Reached skill level 1 in Summonings
   531 | D:1      | Found a sparkling altar of Nemelex Xobeh.
   752 | D:1      | Reached XP level 3. HP: 24/24 MP: 0/7
  1376 | D:2      | Found a glowing golden altar of the Shining One.
  1849 | D:3      | Noticed Sigmund
  1952 | D:3      | Killed Sigmund
  1952 | D:3      | Reached XP level 4. HP: 30/30 MP: 1/9
  2106 | D:3      | Noticed Natasha
  2111 | D:3      | Killed Natasha
  2111 | D:3      | Reached XP level 5. HP: 14/35 MP: 6/10
  2115 | D:3      | Learned a level 2 spell: Blink
  2509 | D:3      | Reached skill level 4 in Summonings
  2632 | D:3      | Noticed Jessica
  2641 | D:3      | Killed Jessica
  2990 | D:3      | Found a burning altar of Makhleb.
  3017 | D:3      | Noticed Natasha
  3031 | D:3      | Killed Natasha
  3605 | D:3      | Noticed Natasha
  3611 | D:3      | Killed Natasha
  3684 | D:4      | Noticed Breadlance's ghost (amateur GrFi)
  3832 | D:4      | Noticed a phantom
  3896 | D:4      | Killed a phantom
  4219 | D:4      | Reached XP level 6. HP: 31/41 MP: 8/11
  4408 | D:4      | Reached skill level 5 in Summonings
  4870 | D:5      | Entered Level 5 of the Dungeon
  4870 | D:5      | Found Dowedgh's Magic Scroll Shoppe.
  5050 | D:5      | Noticed Breadlance's ghost (amateur HOFi)
  5499 | D:5      | Found Fyeryfan's General Store.
  5539 | D:5      | Got a smoking robe
  5550 | D:5      | Identified the +1 robe of Zumuosof {rF+ rC- rN++} (You found it on level 5 of the Dungeon)
  6160 | D:5      | Found Ereu's Assorted Antiques.
  6173 | D:5      | Bought a scroll labeled OXZIJY GAYS for 26 gold pieces
  6173 | D:5      | Bought a scroll labeled SORUBR KOMPYDE for 26 gold pieces
  6241 | D:5      | Found Manah's Distillery.
  6269 | D:5      | Noticed Menkaure
  6312 | D:5      | Killed Menkaure
  6312 | D:5      | Reached skill level 6 in Summonings
  6312 | D:5      | Reached XP level 7. HP: 46/46 MP: 3/12
  6760 | D:5      | Killed Breadlance's ghost
  7012 | D:5      | Reached skill level 7 in Summonings
  7405 | D:6      | HP: 1/46 [ogre/giant spiked club (27)]
  7433 | D:5      | Mangled by a gnoll

Action                   |  1- 3 |  4- 6 |  7- 9 || total
-------------------------+-------+-------+-------++-------
Melee: Mace              |    26 |    74 |       ||   100
       Spear             |       |    47 |    31 ||    78
 Cast: Magic Dart        |    45 |       |       ||    45
       Call Imp          |    14 |   100 |    40 ||   154
  Use: Scroll            |       |    10 |       ||    10
 Stab: Sleeping          |     1 |       |       ||     1
